3055 views
Uploaded 2020-04-17 14:02:39
Game version 1.32.3
15:19 long 2on2 ladder game on (4)LostTemple_LV
Saved by zebroni
3055 views
Uploaded 2020-04-17 14:02:39
Game version 1.32.3
15:19 long 2on2 ladder game on (4)LostTemple_LV
53 units @ 7.4k
/ 0.9k
35 buildings @ 5.9k
/ 2.1k


| Healing Salve | 1 | 100 |
| Scroll of Speed | 1 | 50 |
| total: | 2 | 150g |
| Peon | 12 | 900 | / | 0 |
| Grunt | 5 | 1000 | / | 0 |
| Raider | 2 | 360 | / | 80 |
| Wind Rider | 3 | 795 | / | 120 |
| total: | 22 | 3055g | / | 200w |
| Altar of Storms | 1 | 180 | / | 50 |
| Orc Burrow | 9 | 1440 | / | 360 |
| Barracks | 1 | 180 | / | 50 |
| Voodoo Lounge | 2 | 260 | / | 60 |
| War Mill | 1 | 205 | / | 0 |
| Great Hall | 1 | 385 | / | 185 |
| Beastiary | 2 | 290 | / | 280 |
| Stronghold | 1 | 315 | / | 190 |
| Fortress | 1 | 325 | / | 190 |
| total: | 17 | 2940g | / | 985w |
| 0:01 | Peon |
| 0:01 | Peon |
| 0:05 | Altar of Storms |
| 0:18 | Orc Burrow |
| 0:22 | Peon |
| 0:33 | Barracks |
| 0:41 | Peon |
| 1:07 | Peon |
| 1:24 | Orc Burrow |
| 1:34 | Peon |
| 1:35 | Grunt |
| 1:46 | Peon |
| 2:05 | Feral Spirit |
| 2:16 | Grunt |
| 2:35 | Stronghold |
| 3:05 | Grunt |
| 3:09 | Voodoo Lounge |
| 4:08 | Orc Burrow |
| 4:28 | Grunt |
| 4:45 | Chain Lighting |
| 5:01 | Frost Arrows |
| 5:22 | War Mill |
| 5:27 | Beastiary |
| 6:36 | Great Hall |
| 6:39 | Raider |
| 6:40 | Ensnare |
| 6:46 | Orc Burrow |
| 7:21 | Beastiary |
| 7:42 | Grunt |
| 7:48 | Berserker Strength |
| 7:57 | Peon |
| 7:57 | Peon |
| 8:15 | Raider |
| 9:18 | Wind Rider |
| 9:20 | Forked Lightning |
| 9:34 | Peon |
| 9:34 | Peon |
| 9:35 | Peon |
| 9:41 | Feral Spirit |
| 9:51 | Wind Rider |
| 10:09 | Healing Salve |
| 10:10 | Scroll of Speed |
| 10:42 | Wind Rider |
| 10:46 | Orc Burrow |
| 11:52 | Orc Burrow |
| 11:55 | Orc Burrow |
| 11:59 | Voodoo Lounge |
| 13:22 | Forked Lightning |
| 13:52 | Chain Lighting |
| 14:20 | Orc Burrow |
| 14:23 | Orc Burrow |
| 14:25 | Reinforced Defenses |
| 14:53 | Fortress |

| Scroll of Town Portal | 1 | 350 |
| total: | 1 | 350g |
| Wisp | 15 | 900 | / | 0 |
| Huntress | 10 | 1950 | / | 200 |
| Mountain Giant | 3 | 1050 | / | 300 |
| Dryad | 3 | 435 | / | 180 |
| total: | 31 | 4335g | / | 680w |
| Ancient Protector | 3 | 405 | / | 240 |
| Altar of Elders | 1 | 180 | / | 50 |
| Moon Well | 8 | 1440 | / | 320 |
| Ancient of War | 2 | 300 | / | 120 |
| Hunter's Hall | 1 | 210 | / | 100 |
| Ancient of Wonders | 1 | 90 | / | 30 |
| Ancient of Lore | 2 | 310 | / | 290 |
| Tree of Ages | 1 | 320 | / | 180 |
| Tree of Eternity | 1 | 330 | / | 200 |
| total: | 18 | 2935g | / | 1150w |
| 0:03 | Wisp |
| 0:03 | Wisp |
| 0:09 | Altar of Elders |
| 0:18 | Moon Well |
| 0:20 | Wisp |
| 0:22 | Wisp |
| 0:37 | Wisp |
| 0:37 | Wisp |
| 0:50 | Wisp |
| 1:07 | Wisp |
| 1:34 | Wisp |
| 1:45 | Wisp |
| 1:48 | Ancient of War |
| 1:51 | Hunter's Hall |
| 2:07 | Moon Well |
| 2:18 | Wisp |
| 2:27 | Shadow Strike |
| 2:59 | Ancient of War |
| 3:15 | Huntress |
| 3:22 | Wisp |
| 3:25 | Moon Well |
| 3:30 | Huntress |
| 3:38 | Ultravision |
| 3:48 | Huntress |
| 4:09 | Huntress |
| 4:29 | Huntress |
| 4:46 | Huntress |
| 5:02 | Huntress |
| 5:09 | Blink |
| 5:22 | Huntress |
| 5:55 | Tree of Ages |
| 6:25 | Moon Well |
| 6:34 | Huntress |
| 7:00 | Ancient of Wonders |
| 7:02 | Huntress |
| 7:10 | Moon Well |
| 7:10 | Moon Well |
| 7:26 | Moon Well |
| 7:31 | Shadow Strike |
| 9:08 | Ancient of Lore |
| 9:09 | Ancient of Lore |
| 9:41 | Wisp |
| 9:42 | Wisp |
| 9:42 | Wisp |
| 9:44 | Moon Well |
| 10:28 | Tree of Eternity |
| 10:28 | Mountain Giant |
| 11:00 | Ancient Protector |
| 11:28 | Ancient Protector |
| 11:28 | Ancient Protector |
| 11:34 | Mountain Giant |
| 11:57 | Scroll of Town Portal |
| 12:49 | Hardened Skin |
| 12:49 | Resistant Skin |
| 13:35 | Fan of Knives |
| 13:43 | Mountain Giant |
| 14:34 | Dryad |
| 14:34 | Dryad |
| 14:59 | Dryad |
51 units @ 6.9k
/ 0.8k
27 buildings @ 3.5k
/ 1.3k

| Scroll of Healing | 1 | 250 |
| Scroll of Town Portal | 1 | 350 |
| total: | 2 | 600g |
| Wisp | 10 | 600 | / | 0 |
| Huntress | 8 | 1560 | / | 160 |
| Glaive Thrower | 4 | 840 | / | 260 |
| total: | 22 | 3000g | / | 420w |
| Moon Well | 6 | 1080 | / | 240 |
| Altar of Elders | 1 | 180 | / | 50 |
| Hunter's Hall | 1 | 210 | / | 100 |
| Ancient of War | 2 | 300 | / | 120 |
| Ancient of Wonders | 1 | 90 | / | 30 |
| Tree of Ages | 1 | 320 | / | 180 |
| total: | 11 | 1860g | / | 540w |
| 0:03 | Wisp |
| 0:09 | Wisp |
| 0:20 | Moon Well |
| 0:24 | Wisp |
| 0:36 | Wisp |
| 0:48 | Altar of Elders |
| 0:51 | Wisp |
| 1:10 | Wisp |
| 1:18 | Hunter's Hall |
| 1:28 | Ancient of War |
| 1:29 | Wisp |
| 1:36 | Wisp |
| 1:46 | Wisp |
| 2:00 | Ancient of War |
| 2:11 | Wisp |
| 2:31 | Moon Well |
| 2:32 | Huntress |
| 3:03 | Moon Well |
| 3:09 | Moon Well |
| 3:16 | Black Arrow |
| 3:30 | Moon Well |
| 4:04 | Huntress |
| 4:31 | Huntress |
| 4:49 | Huntress |
| 5:28 | Huntress |
| 5:31 | Life Drain |
| 6:13 | Huntress |
| 7:02 | Huntress |
| 7:28 | Strength of the Moon |
| 7:32 | Tree of Ages |
| 7:38 | Moon Well |
| 8:06 | Moon Armor |
| 8:45 | Glaive Thrower |
| 9:46 | Huntress |
| 9:58 | Moon Glaive |
| 10:29 | Life Drain |
| 10:56 | Vorpal Blades |
| 10:56 | Glaive Thrower |
| 11:01 | Ancient of Wonders |
| 12:06 | Improved Strength of the Moon |
| 12:22 | Glaive Thrower |
| 12:55 | Scroll of Healing |
| 12:55 | Scroll of Town Portal |
| 13:18 | Black Arrow |
| 13:58 | Glaive Thrower |


| Scroll of Town Portal | 3 | 1050 |
| Boots of Speed | 1 | 250 |
| total: | 4 | 1300g |
| Peasant | 11 | 825 | / | 0 |
| Sorceress | 7 | 1085 | / | 140 |
| Priest | 5 | 675 | / | 50 |
| Spell Breaker | 6 | 1290 | / | 180 |
| total: | 29 | 3875g | / | 370w |
| Scout Tower | 2 | 60 | / | 40 |
| Arcane Tower | 3 | 210 | / | 150 |
| Guard Tower | 2 | 140 | / | 100 |
| Altar of Kings | 1 | 180 | / | 50 |
| Farm | 7 | 560 | / | 140 |
| Lumber Mill | 1 | 120 | / | 0 |
| Arcane Vault | 1 | 130 | / | 30 |
| Blacksmith | 1 | 140 | / | 60 |
| Arcane Sanctum | 3 | 450 | / | 420 |
| Keep | 1 | 320 | / | 210 |
| Castle | 2 | 720 | / | 420 |
| total: | 16 | 1640g | / | 740w |
| 0:02 | Peasant |
| 0:02 | Peasant |
| 0:10 | Altar of Kings |
| 0:11 | Peasant |
| 0:21 | Peasant |
| 0:21 | Peasant |
| 0:35 | Farm |
| 0:40 | Peasant |
| 0:40 | Peasant |
| 0:40 | Peasant |
| 0:46 | Scout Tower |
| 0:50 | Peasant |
| 0:50 | Peasant |
| 0:50 | Peasant |
| 1:39 | Arcane Tower |
| 1:39 | Arcane Tower |
| 2:07 | Lumber Mill |
| 2:15 | Keep |
| 2:19 | Scout Tower |
| 2:24 | Farm |
| 2:36 | Blizzard |
| 2:43 | Arcane Vault |
| 3:08 | Guard Tower |
| 3:18 | Farm |
| 4:36 | Improved Lumber Harvesting |
| 4:44 | Arcane Sanctum |
| 4:47 | Arcane Sanctum |
| 5:01 | Arcane Sanctum |
| 5:17 | Boots of Speed |
| 5:49 | Sorceress Adept Training |
| 5:59 | Farm |
| 6:05 | Sorceress |
| 6:22 | Priest |
| 6:23 | Priest |
| 6:24 | Priest |
| 6:25 | Sorceress |
| 6:26 | Sorceress |
| 6:32 | Farm |
| 6:41 | Farm |
| 6:42 | Farm |
| 7:01 | Flame Strike |
| 7:08 | Spell Breaker |
| 7:33 | Spell Breaker |
| 7:52 | Spell Breaker |
| 8:15 | Spell Breaker |
| 8:15 | Spell Breaker |
| 8:33 | Spell Breaker |
| 8:57 | Scroll of Town Portal |
| 8:57 | Scroll of Town Portal |
| 9:29 | Blacksmith |
| 9:37 | Priest Adept Training |
| 10:35 | Castle |
| 10:49 | Iron Forged Swords |
| 10:49 | Iron Plating |
| 11:49 | Priest |
| 11:49 | Priest |
| 11:55 | Improved Masonry |
| 12:07 | Scroll of Town Portal |
| 12:42 | Banish |
| 12:44 | Brilliance Aura |
| 12:44 | Brilliance Aura |
| 13:27 | Sorceress |
| 13:28 | Sorceress |
| 13:28 | Sorceress |
| 13:28 | Sorceress |
| 14:56 | Summon Water Elemental |